 Dungeon Crawl Stone Soup version 0.28-a0-533-g9f97627e2a (webtiles) character file.

Game seed: 1232593223102553910

1226 Gargoyl the Skirmisher (level 8, -2/100 HPs)
             Began as a Gnoll Abyssal Knight on Sept 25, 2021.
             Was a Priest of Lugonu.
             Slain by a centaur (5 damage)
             ... on level 6 of the Dungeon.
             The game lasted 00:07:04 (6126 turns).

Gargoyl the Skirmisher (Gnoll Abyssal Knight)       Turns: 6126, Time: 00:07:04

Health: -2/100     AC: 16    Str: 16    XL:     8   Next: 47%
Magic:  12/12      EV: 10    Int:  9    God:    Lugonu [***...]
Gold:   181        SH:  0    Dex: 12    Spells: 13/13 levels left

rFire   . . .      SeeInvis .   g - +2 whip (elec)
rCold   . . .      Faith    .   (no shield)
rNeg    . . .      Spirit   .   f - +0 plate armour
rPois   +          Reflect  .   l - +1 helmet
rElec   .          Harm     .   q - +0 cloak {Will+}
rCorr   .          Rampage  .   (no gloves)
Will    +....                   (no boots)
Stlth   ..........              (no amulet)
HPRegen 0.26/turn               c - +4 ring of evasion
MPRegen 0.13/turn               (no ring)

@: berserking, about to teleport, flying, very quick
A: fangs 1, strong nose, distributed training, poison resistance, screaming 1
a: Renounce Religion, Depart the Abyss, Bend Space, Banish


You were on level 6 of the Dungeon.
You worshipped Lugonu.
Lugonu was most pleased with you.
You visited 1 branch of the dungeon, and saw 6 of its levels.
You visited the Abyss 1 time.

You collected 181 gold pieces.

Inventory:

Hand Weapons
 a - a +1 hand axe
 b - a +0 spear
 g - a +2 whip of electrocution (weapon)
 m - a +0 spear of venom
 p - a +2 quarterstaff of chaos
Missiles
 s - 28 poisoned darts (quivered)
Armour
 f - a +0 plate armour (worn)
 l - a +1 helmet (worn)
 q - a +0 cloak of willpower (worn)
Jewellery
 c - a +4 ring of evasion (left hand)
Wands
 d - a wand of flame (19)
 k - a wand of iceblast (12)
Scrolls
 e - a scroll of teleportation
Potions
 i - a potion of haste
 o - a potion of lignification {unknown}
 r - a potion of might {unknown}


   Skills:
 + Level 7.4 Fighting
 + Level 3.3 Short Blades
 + Level 3.3 Long Blades
 + Level 5.7 Axes
 + Level 3.3 Maces & Flails
 + Level 3.3 Polearms
 + Level 3.3 Staves
 + Level 3.3 Slings
 + Level 3.3 Bows
 + Level 3.3 Crossbows
 + Level 3.3 Throwing
 + Level 5.7 Armour
 + Level 4.2 Dodging
 + Level 3.3 Stealth
 + Level 3.3 Shields
 + Level 3.3 Unarmed Combat
 + Level 3.3 Spellcasting
 + Level 2.7 Conjurations
 + Level 2.7 Hexes
 + Level 2.7 Summonings
 + Level 2.7 Necromancy
 + Level 2.7 Translocations
 + Level 2.7 Transmutations
 + Level 2.7 Fire Magic
 + Level 2.7 Ice Magic
 + Level 2.7 Air Magic
 + Level 2.7 Earth Magic
 + Level 2.7 Poison Magic
 + Level 5.9 Invocations
 + Level 3.3 Evocations


You had 13 spell levels left.
You didn't know any spells.
Your spell library contained the following spells:

 Spells                   Type           Power      Damage    Failure   Level
 Static Discharge         Conj/Air       6%         N/A       100%        2
 Dispel Undead            Necr           6%         3d8       100%        4
 Sticky Flame             Conj/Fire      6%         2d3       100%        4


Dungeon Overview and Level Annotations

Branches:
Dungeon (6/15)
 Temple: D:4-7

Altars:
Elyvilon
Ru
Vehumet

Annotations:
D:6 2 runed translucent doors, yegreS's ghost, novice MiFi


Innate Abilities, Weirdness & Mutations

You have very sharp teeth.
Your uncanny sense of smell can sniff out nearby items.
Your experience applies equally to all skills.
Your system is resistant to poisons. (rPois)
You occasionally shout uncontrollably at your foes.


Message History

You kill the scorpion!
Lugonu accepts your kill.
The centaur hits you but does no damage.
The centaur closely misses you.
The bullfrog skeleton hits you but does no damage.
Unknown command.
The centaur wields a +0 shortbow.
The centaur shoots an arrow.
The arrow barely misses you.
The centaur shoots an arrow.
The arrow hits you.
* * * LOW HITPOINT WARNING * * *
The centaur shoots an arrow.
The arrow hits you!
* * * LOW HITPOINT WARNING * * *
The bullfrog skeleton hits you but does no damage.
The scorpion closely misses you.
You are too injured to fight recklessly!
Okay, then.
As you read the scroll of teleportation, it crumbles to dust.
You feel strangely unstable.
The scorpion stings you but does no damage.
The bullfrog skeleton hits you.
* * * LOW HITPOINT WARNING * * *
It was a potion of flight.
You feel very buoyant.
You fly up into the air.
The scorpion stings you but does no damage.
The scorpion barely misses you.
It was a potion of magic.
Magic courses through your body.
The centaur unwields a +0 shortbow.
The centaur hits you but does no damage.
The centaur kicks you but does no damage.
The scorpion stings you but does no damage.
It was a potion of berserk rage.
A red film seems to cover your vision as you go berserk!
You feel yourself moving faster!
You feel mighty!
The centaur hits you but does no damage.
The centaur kicks you but does no damage.
The scorpion misses you.
You closely miss the centaur. Your bite misses the centaur.
The centaur hits you.
You die...

#......#...........
#........##....##.#
####..!.###.......#
#.#....#.....(##..
#......#.#........
.....#....#.....##.
....##.............
.#####.............
###...@...........
#....#cs.....##...
##....Z....###....
#................
...#..$..).......
......#...##.....
......#...# ..#..
#.......... .# #
####........


You could see a centaur, a scorpion and a bullfrog skeleton.

Vanquished Creatures
  Sigmund (D:5)
  Duvessa (D:4)
  2 ogres
  A phantom (D:4)
  A bullfrog (D:5)
  2 scorpions
  Dowan (D:4)
  A centaur zombie (D:6)
  2 hounds (D:4)
  A jelly (D:6)
  Crazy Yiuf (D:3)
  An iguana (D:4)
  A killer bee zombie (D:5)
  A scorpion zombie (D:5)
  2 hound skeletons
  Robin (D:2)
  A howler monkey skeleton (D:5)
  4 gnolls (D:2)
  5 adders
  An adder skeleton (D:4)
  An adder zombie (D:5)
  3 worms
  3 dart slugs
  10 orcs
  4 endoplasms
  3 giant cockroaches (D:1)
  17 goblins
  8 hobgoblins
  6 jackals
  4 quokkas
  8 ball pythons
  6 bats
  4 frilled lizards
  5 kobolds
  8 rats
121 creatures vanquished.

Vanquished Creatures (others)
  3 plants (D:5)
3 creatures vanquished.

Grand Total: 124 creatures vanquished

Notes
Turn   | Place    | Note
-------+----------+-------------------------------------------
     0 | Abyss:1  | Gargoyl the Gnoll Abyssal Knight began the quest for the
                  | Orb.
     0 | Abyss:1  | Reached XP level 1. HP: 23/23 MP: 3/3
    85 | Abyss:1  | Noticed a profane servitor
    85 | Abyss:1  | Noticed a blink frog
    87 | D:1      | Escaped the Abyss
   144 | D:1      | Found a faded altar of an unknown god.
   261 | D:1      | Reached XP level 2. HP: 27/29 MP: 5/5
   348 | D:1      | Reached * piety under Lugonu
   400 | D:1      | You fall into a shaft and drop 1 floor!
   739 | D:1      | Reached XP level 3. HP: 35/35 MP: 6/6
  1163 | D:2      | Reached skill level 1 in Short Blades
  1163 | D:2      | Reached skill level 1 in Long Blades
  1163 | D:2      | Reached skill level 1 in Maces & Flails
  1163 | D:2      | Reached skill level 1 in Polearms
  1163 | D:2      | Reached skill level 1 in Staves
  1163 | D:2      | Reached skill level 1 in Slings
  1163 | D:2      | Reached skill level 1 in Bows
  1163 | D:2      | Reached skill level 1 in Crossbows
  1163 | D:2      | Reached skill level 1 in Throwing
  1163 | D:2      | Reached skill level 1 in Stealth
  1163 | D:2      | Reached skill level 1 in Shields
  1163 | D:2      | Reached skill level 1 in Unarmed Combat
  1163 | D:2      | Reached skill level 1 in Spellcasting
  1163 | D:2      | Reached skill level 1 in Evocations
  1189 | D:2      | Reached XP level 4. HP: 38/41 MP: 7/7
  1334 | D:2      | Noticed Robin
  1341 | D:2      | Reached ** piety under Lugonu
  1755 | D:2      | Killed Robin
  1926 | D:2      | Reached skill level 1 in Conjurations
  1926 | D:2      | Reached skill level 1 in Hexes
  1926 | D:2      | Reached skill level 1 in Summonings
  1926 | D:2      | Reached skill level 1 in Necromancy
  1926 | D:2      | Reached skill level 1 in Translocations
  1926 | D:2      | Reached skill level 1 in Transmutations
  1926 | D:2      | Reached skill level 1 in Fire Magic
  1926 | D:2      | Reached skill level 1 in Ice Magic
  1926 | D:2      | Reached skill level 1 in Air Magic
  1926 | D:2      | Reached skill level 1 in Earth Magic
  1926 | D:2      | Reached skill level 1 in Poison Magic
  1935 | D:2      | Reached XP level 5. HP: 35/47 MP: 8/8
  2671 | D:3      | Found a runed translucent door.
  2672 | D:3      | Noticed Crazy Yiuf
  2816 | D:3      | Found a radiant altar of Vehumet.
  2816 | D:3      | Found a sacrificial altar of Ru.
  2856 | D:3      | Reached skill level 5 in Invocations
  3078 | D:3      | Reached XP level 6. HP: 38/53 MP: 9/9
  3425 | D:3      | Killed Crazy Yiuf
  3548 | D:4      | Reached skill level 5 in Axes
  3548 | D:4      | Reached skill level 5 in Armour
  3591 | D:4      | Noticed Duvessa
  3591 | D:4      | Noticed Dowan
  3665 | D:4      | Killed Duvessa
  3680 | D:4      | Gained mutation: You occasionally shout uncontrollably at
                  | your foes. [potion of mutation]
  3680 | D:4      | Gained mutation: Your system is resistant to poisons.
                  | (rPois) [potion of mutation]
  3684 | D:4      | Killed Dowan
  3685 | D:4      | Reached skill level 7 in Fighting
  3685 | D:4      | Reached XP level 7. HP: 3/60 MP: 10/10
  4176 | D:4      | Reached *** piety under Lugonu
  4700 | D:5      | Entered Level 5 of the Dungeon
  5096 | D:5      | Found a white marble altar of Elyvilon.
  5373 | D:5      | Noticed Sigmund
  5381 | D:5      | Killed Sigmund
  5382 | D:5      | Reached XP level 8. HP: 63/67 MP: 12/12
  6045 | D:6      | Found a large runed translucent door.
  6047 | D:6      | Found a large runed translucent door.
  6048 | D:6      | Noticed yegreS's ghost (novice MiFi)
  6122 | D:6      | HP: 1/67 [bullfrog skeleton (4)]
  6126 | D:6      | Slain by a centaur

Illustrated notes

Levels and vault maps discovered:
D:1:      ncdulo_wetmaze, layout_rooms, shapermc_ecumenical_altar_pompeii,
          minmay_misc_feat_hallway, minmay_strange_pillars
D:2:      layout_loops_ring, minivault_4, uniq_robin
D:3:      layout_loops_ring, gammafunk_temple_overflow_elements,
          uniq_crazy_yiuf_cottage
D:4:      layout_basic, uniq_duvessa
D:5:      wad_lake_hut, layout_basic, mainiacjoe_overflow_tiny_flanked,
          uniq_sigmund
D:6:      layout_cave_pools, minmay_temple_entry_ruins,
          ebering_ghost_disaster_area, kennysheep_generic_room_13

Skill      XL: |  1  2  3  4  5  6  7 |
---------------+----------------------+-----
Short Blades   | 1 2 3 |  3.3
Long Blades    | 1 2 3 |  3.3
Maces & Flails | 1 2 3 |  3.3
Polearms       | 1 2 3 |  3.3
Staves         | 1 2 3 |  3.3
Slings         | 1 2 3 |  3.3
Bows           | 1 2 3 |  3.3
Crossbows      | 1 2 3 |  3.3
Throwing       | 1 2 3 |  3.3
Stealth        | 1 2 3 |  3.3
Shields        | 1 2 3 |  3.3
Unarmed Combat | 1 2 3 |  3.3
Spellcasting   | 1 2 3 |  3.3
Evocations     | 1 2 3 |  3.3
Conjurations   | 1 2 |  2.7
Hexes          | 1 2 |  2.7
Summonings     | 1 2 |  2.7
Necromancy     | 1 2 |  2.7
Translocations | 1 2 |  2.7
Transmutations | 1 2 |  2.7
Fire Magic     | 1 2 |  2.7
Ice Magic      | 1 2 |  2.7
Air Magic      | 1 2 |  2.7
Earth Magic    | 1 2 |  2.7
Poison Magic   | 1 2 |  2.7
Dodging        | 3 4 |  4.2
Invocations    | 5 |  5.9
Axes           | 5 |  5.7
Armour         | 5 |  5.7
Fighting       | 7 |  7.4

Action                   |  1- 3 |  4- 6 |  7- 9 || total
-------------------------+-------+-------+-------++-------
Melee: Hand axe          |    92 |       |       ||    92
       Bite              |     7 |    14 |    14 ||    35
       Whip              |    11 |   166 |   142 ||   319
       Punch             |       |     1 |     1 ||     2
Throw: Dart              |       |       |     1 ||     1
Invok: Depart the Abyss  |     1 |       |       ||     1
Evoke: Wand              |       |       |     2 ||     2
  Use: Scroll            |     1 |     6 |     4 ||    11
       Potion            |       |     6 |     3 ||     9
 Stab: Sleeping          |       |     1 |       ||     1
Armor: Leather armour    |    24 |    19 |       ||    43
       Scale mail        |       |    23 |     9 ||    32
       Plate armour      |       |       |    94 ||    94
Dodge: Dodged            |    87 |   133 |    97 ||   317

Table legend: (Time is in decaauts)
 A = Elapsed time spent in this place.
 B = Non-inter-level travel time spent in this place.
 C = Inter-level travel time spent in this place.
 D = Time resting spent in this place.
 E = Time spent auto-exploring this place.
 F = Levels seen in this place.
 G = Mean time per level.
                   A        B        C        D        E       F      G
               +--------+--------+--------+--------+--------+-----+--------+
         Total |   6190 |   5931 |    259 |   1054 |   3742 |   7 |  884.3 |
       Dungeon |   6104 |   5845 |    259 |   1054 |   3661 |   6 | 1017.3 |
         Abyss |     86 |     86 |      0 |      0 |     81 |   1 |   86.0 |
               +--------+--------+--------+--------+--------+-----+--------+

Top non-repeatable levels by time:
     D:3: 1504 daAuts
     D:1: 1266 daAuts
     D:5: 1186 daAuts
     D:2: 982 daAuts
     D:4: 885 daAuts
     D:6: 278 daAuts
 Abyss:1: 86 daAuts
